 Dungeon Crawl Stone Soup version 0.30.0-20-g3615ddf2f0 (webtiles) character file.

Game seed: 15924331500060210709

31 qw the Shield-Bearer (level 3, -4/23 HPs)
             Began as a Gargoyle Fighter on May 27, 2023.
             Slain by Sigmund
             ... wielding a +0 scythe
              (9 damage)
             ... on level 2 of the Dungeon.
             The game lasted 00:00:38 (1190 turns).

qw the Shield-Bearer (Gargoyle Fighter)             Turns: 1190, Time: 00:00:38

Health: -4/23      AC: 11    Str: 21    XL:     3   Next: 22%
Magic:  3/3        EV:  9    Int:  8    God:
Gold:   46         SH:  4    Dex:  9    Spells: 2/2 levels left

rFire   . . .        Y - +0 war axe
rCold   . . .        c - +0 buckler
rNeg    + . .        b - +0 scale mail
rPois   inf          (no helmet)
rElec   +            (no cloak)
rCorr   .            p - +0 pair of gloves
SInv    .            (no boots)
Will    .....        (no amulet) Stlth
                     (no ring)
HPRegen 0.23/turn    (no ring)
MPRegen 0.08/turn

%: no passive effects
@: about to teleport, slowed, very slow
A: sickness immunity, AC +3, negative energy resistance 1, electricity
resistance, torment resistance 1, petrification resistance
a: no special abilities


You were on level 2 of the Dungeon.
You visited 1 branch of the dungeon, and saw 2 of its levels.

You collected 72 gold pieces.
You spent 26 gold pieces at shops.


Innate Abilities, Weirdness & Mutations

You are immune to sickness and miasma.
Your stone body is resilient. (AC +3)
You are immune to poison.
You resist negative energy. (rN+)
You are resistant to electric shocks. (rElec)
You are resistant to unholy torment.
You are immune to petrification.


   Skills:
 - Level 3.2 Fighting
 - Level 3.1 Axes
 + Level 0.3 Throwing
 - Level 3.2 Armour
 - Level 3.2 Shields


You had 2 spell levels left.
You didn't know any spells.
Your spell library was empty.

Inventory:

Hand Weapons
 t - a +0 whip
 Y - a +0 war axe (weapon)
Missiles
 g - 4 boomerangs of dispersal
 s - 2 silver javelins (quivered)
Armour
 b - a +0 scale mail (worn)
 c - a +0 buckler (worn)
 p - a +0 pair of gloves (worn)
Scrolls
 h - a scroll of identify
Potions
 d - a potion of might
 e - a potion of resistance
 j - a potion of heal wounds {unknown}
 l - a potion of berserk rage {unknown}
 n - a potion of curing {unknown}

Dungeon Overview and Level Annotations

Branches:
Dungeon (2/15)

Altars:

Shops:
D:1 =([?[

Annotations:
D:2 Natasha, Sigmund


Message History

Natasha is lightly wounded.
You hit the cerulean imp.
Natasha mumbles some strange words.
The cerulean imp hits you but does no damage.
Natasha claws you but does no damage.
You closely miss the cerulean imp.
The cerulean imp is moderately wounded.
You closely miss Natasha. You hit the hobgoblin but do no damage.
You hit the cerulean imp. Something hits you.
The cerulean imp barely misses you. You block the hobgoblin's attack.
Natasha mumbles some strange words.
You block the cerulean imp's attack. The cerulean imp barely misses you.
You closely miss the cerulean imp.
The cerulean imp is moderately wounded.
You closely miss Natasha. You closely miss the cerulean imp.
You slash the hobgoblin!
You kill the hobgoblin!
You completely miss the cerulean imp. Something hits you.
The cerulean imp hits you but does no damage.
Natasha casts a spell at you. You resist with significant effort.
The cerulean imp barely misses you.
The cerulean imp hits you but does no damage.
You barely miss the cerulean imp.
The cerulean imp is moderately wounded.
You closely miss Natasha. You barely miss the cerulean imp.
You hit the cerulean imp.
The cerulean imp hits you but does no damage.
Natasha casts a spell at you.
You feel yourself slow down. Something hits you.
The cerulean imp hits you with a +1 spear.
The cerulean imp hits you but does no damage.
1190 ||| READING scroll of teleportation.
As you read the scroll of teleportation, it crumbles to dust.
You feel strangely unstable. The cerulean imp barely misses you.
Natasha claws you but does no damage.
The cerulean imp hits you but does no damage. x2
Something hits you!
You die...

##..#.# #.##.
#...#.#####..
#.##.
#..........#
#.##.#####..
# #%####
#.#.. #.#.#
##5#.# #.5@5#
#...#h%......
###..{.#####.
#.##.# #. .#
#. .# #. .(
##


You could see Natasha and 3 cerulean imps.

Vanquished Creatures
  2 bats (D:1)
  3 endoplasms (D:1)
  2 giant cockroaches (D:1)
  A hobgoblin (D:2)
  4 kobolds (D:1)
  2 quokkas (D:1)
  4 ball pythons (D:1)
  2 frilled lizards
  5 goblins
  2 rats (D:1)
27 creatures vanquished.

Notes
Turn   | Place    | Note
-------+----------+-------------------------------------------
     0 | D:1      | qw the Gargoyle Fighter began the quest for the Orb.
     0 | D:1      | Reached XP level 1. HP: 14/14 MP: 1/1
     0 | D:1      | 0 ||| qw: Version: 0.2-a-99-gce666ed
     0 | D:1      | 0 ||| qw: Game counter: 150
     0 | D:1      | 0 ||| qw: Always use a shield: true
     0 | D:1      | 0 ||| qw: God list: Okawaru
     0 | D:1      | 0 ||| qw: Allow faded altars: false
     0 | D:1      | 0 ||| qw: Do Orc after D:15 true
     0 | D:1      | 0 ||| qw: Do second Lair branch before Depths: true
     0 | D:1      | 0 ||| qw: Lair rune preference: random
     0 | D:1      | 0 ||| qw: Plans: Normal, Zot:1-4, God:TSO, Crypt, Tomb,
                  | Pan, Slime:5, Hells, Abyss, Win
     0 | D:1      | 0 ||| PLANNING D:1-11
     6 | D:1      | Noticed a basilisk
     6 | D:1      | Noticed a tyrant leech
     6 | D:1      | Noticed a ragged hierophant
     7 | D:1      | Noticed a fire giant
   142 | D:1      | Found Ruymairchy's Armour Emporium.
   156 | D:1      | Reached XP level 2. HP: 19/19 MP: 2/2
   171 | D:1      | 171 ||| SHOPLISTING +0 chain mail (54 gold, have 7).
   171 | D:1      | 171 ||| SHOPLISTING +0 helmet (54 gold, have 7).
   171 | D:1      | 171 ||| SHOPLISTING +2 cloak of poison resistance (222
                  | gold, have 7).
   171 | D:1      | 171 ||| SHOPLISTING +2 scale mail of poison resistance (216
                  | gold, have 7).
   214 | D:1      | Found Maithawk's Magic Scroll Boutique.
   283 | D:1      | 283 ||| SHOPLISTING scroll of enchant weapon (97 gold, have
                  | 27).
   283 | D:1      | 283 ||| BUYING scroll of identify (26 gold).
   283 | D:1      | Bought a scroll of identify for 26 gold pieces
   283 | D:1      | 283 ||| SHOPLISTING scroll of identify (26 gold, have 1).
   431 | D:1      | Found Zenar's Jewellery Shop.
   439 | D:1      | 439 ||| SHOPLISTING +4 ring of protection (360 gold, have
                  | 18).
   439 | D:1      | 439 ||| SHOPLISTING +4 ring of slaying (780 gold, have 18).
   439 | D:1      | 439 ||| SHOPLISTING amulet of guardian spirit (300 gold,
                  | have 18).
   439 | D:1      | 439 ||| SHOPLISTING ring of protection from cold (250 gold,
                  | have 18).
   581 | D:1      | Found Kisiotiz's Weapon Shoppe.
   584 | D:1      | 584 ||| Stepping ~*~*~tactically~*~*~ (stealth).
   585 | D:1      | 585 ||| Stepping ~*~*~tactically~*~*~ (stealth).
   601 | D:1      | Reached skill level 3 in Axes
   606 | D:1      | 606 ||| SHOPLISTING +0 mace (30 gold, have 18).
   628 | D:1      | Found Mapyriv's Armour Shoppe.
   631 | D:1      | 631 ||| SHOPLISTING +2 scale mail of cold resistance (294
                  | gold, have 18).
   698 | D:1      | Reached XP level 3. HP: 23/23 MP: 3/3
  1043 | D:1      | 1043 ||| DROPPING +0 club.
  1078 | D:1      | 1078 ||| UPGRADING to +0 pair of gloves.
  1083 | D:1      | 1083 ||| DROPPING scarf of invisibility.
  1084 | D:1      | 1084 ||| READING scroll labelled ROICVE TIG.
  1085 | D:1      | 1085 ||| READING scroll labelled ROGOGU ZEFIM.
  1089 | D:1      | 1089 ||| READING scroll labelled HAOLOQIXUURCH.
  1090 | D:1      | 1090 ||| READING scroll labelled YRIS WUDAFYEG.
  1091 | D:1      | 1091 ||| READING scroll labelled IGOVECH YZYE.
  1092 | D:1      | 1092 ||| DRINKING 2 metallic emerald potions.
  1093 | D:1      | 1093 ||| DRINKING 2 inky potions.
  1094 | D:1      | 1094 ||| DROPPING potion of brilliance.
  1179 | D:2      | Noticed Sigmund
  1181 | D:2      | Noticed Natasha
  1189 | D:2      | HP: 5/23 [cerulean imp/+1 spear[Natasha] (2)]
  1190 | D:2      | 1190 ||| READING scroll of teleportation.
  1190 | D:2      | Slain by Sigmund

Levels and vault maps discovered:
D:1:      onia_arrival_zoo_common, layout_basic, serial_shops, shop,
          nicolae_shop_scrapyard, shop, nicolae_shop_tiny_real_fake_doors, shop
D:2:      layout_loops_ring, uniq_sigmund, uniq_natasha

Skill      XL: |  1  2 |
---------------+-------+-----
Axes           | 2 3 |  3.1
Fighting       | |  3.2
Throwing       | |  0.3
Armour         | |  3.2
Shields        | |  3.2

Action                     || total
---------------------------++-------
  Melee: War axe           ||    89
  Throw: Javelin           ||     7
    Use: Scroll            ||     6
         Potion            ||     2
 Armour: Scale mail        ||    45
  Dodge: Dodged            ||    41
  Block: Buckler           ||    12

Table legend:
 A = Non-vault XP
 B = Vault XP
 C = Vault XP percentage of total XP
 D = Non-vault monster count
 E = Vault monster count
 F = Vault count percentage of total count
                 A         B        C        D         E       F
            +---------+---------+-------+---------+---------+-------
      Total |      45 |       0 |   0.0 |      27 |       0 |   0.0
            +---------+---------+-------+---------+---------+-------
        D:1 |      40 |       0 |   0.0 |      24 |       0 |   0.0
        D:2 |       5 |       0 |   0.0 |       3 |       0 |   0.0
            +---------+---------+-------+---------+---------+-------
